AoeStats
← DeSong

Nomad

509411917Analyzed
3v3 RM · 5d ago on Sep 26, 2026· 48m 43s· 6 players
Game mode
Random Map
Map size
210×210
Population
200
Speed
Normal
Resources
Standard
Victory
Conquest
Starting age
Dark Age
Ending age
Imperial Age
RankedLock teamsTeams togetherTeam positionsShared explorationLock speedFull tech treeHidden civsTurbo modeCheats
Victory
Defeat
🇺🇸 Magyars · United States
1055
+13
🇹🇼 Japanese · Taiwan
987
+16
🇹🇼 Britons · Taiwan
985
+16
🇬🇧 Franks · United Kingdom
1004
-16
🇰🇿 Celts · Kazakhstan
993
-15
🇨🇿 Chinese · Czechia
973
-14
DeSong
8:26 Loom
15:16 Feudal Age
20:02 Castle Age
18:31 Double-Bit Axe
18:28 Horse Collar
21:07 Bow Saw
26:39 Heavy Plow
27:22 Gold Mining
30:36 Pikeman
31:02 Gambesons
31:03 Arson
34:43 Scale Mail Armor
38:04 Imperial Age
36:13 Fletching
36:39 Chain Mail Armor
35:48 Elite Skirmisher
39:47 Bodkin Arrow
40:51 Halberdier
Zuzujj
5:49 Loom
15:55 Feudal Age
23:08 Castle Age
21:46 Horse Collar
21:57 Double-Bit Axe
25:03 Crossbowman
25:49 Thumb Ring
25:39 Fletching
31:46 Bodkin Arrow
34:41 Heavy Plow
36:32 Wheelbarrow
37:51 Bow Saw
37:34 Gold Mining
37:47 Padded Archer Armor
38:01 Forging
37:52 Scale Mail Armor
43:36 Imperial Age
42:55 Hand Cart
43:54 Gold Shaft Mining
45:17 Ballistics
44:46 Elite Fire Lancer
46:15 Squires
47:43 Chemistry
47:40 Bracer
47:57 Leather Archer Armor
47:58 Chain Mail Armor
48:19 Iron Casting
Koopa
4:11 Loom
12:47 Feudal Age
13:16 Double-Bit Axe
14:30 Fishing Lines
21:29 Castle Age
20:01 Fletching
26:11 Husbandry
26:20 Scale Barding Armor
26:33 Forging
28:08 Chain Barding Armor
28:38 Stone Mining
30:38 Town Watch
31:24 Gold Mining
33:39 Wheelbarrow
33:59 Iron Casting
38:33 Scale Mail Armor
40:24 Chain Mail Armor
48:20 Imperial Age
46:07 Hand Cart
46:14 Hand Cart
46:10 Bodkin Arrow
46:59 Bow Saw
ShadedKnight
15:19 Feudal Age
15:58 Double-Bit Axe
17:26 Loom
21:03 Castle Age
19:05 Gold Mining
19:32 Fletching
20:01 Stone Mining
21:53 Wheelbarrow
22:05 Bow Saw
22:49 Bodkin Arrow
30:07 Imperial Age
29:31 Town Watch
30:03 Scale Barding Armor
30:22 Horse Collar
31:19 Conscription
32:03 Heavy Plow
33:56 Corvinian Army
36:00 Gold Shaft Mining
36:49 Ballistics
37:15 Hand Cart
37:39 Bracer
37:40 Padded Archer Armor
40:25 Chain Barding Armor
40:20 Leather Archer Armor
42:23 Plate Barding Armor
41:51 Elite Magyar Huszar
43:48 Hoardings
44:16 Chemistry
42:57 Treadmill Crane
43:51 Ring Archer Armor
45:46 Recurve Bow
46:49 Caravan
Longoooooo
16:37 Feudal Age
18:26 Loom
18:32 Double-Bit Axe
21:24 Castle Age
22:46 Wheelbarrow
21:57 Town Watch
24:52 Fletching
28:33 Medium Warships
29:38 Gold Mining
29:38 Stone Mining
30:05 Bow Saw
33:32 Crossbowman
35:23 Gold Shaft Mining
36:21 Hand Cart
36:06 Town Patrol
35:56 Fishing Lines
40:12 Imperial Age
39:13 Yeomen
40:03 Bodkin Arrow
40:09 Padded Archer Armor
42:34 Two-Man Saw
41:36 Pikeman
43:27 Chemistry
42:31 Bracer
42:24 Halberdier
48:03 Arbalester
48:04 Cranequins
DangerWashington
5:22 Loom
17:28 Feudal Age
22:39 Castle Age
20:49 Fletching
22:09 Forging
22:38 Wheelbarrow
22:42 Fishing Lines
22:59 Double-Bit Axe
24:59 Bodkin Arrow
27:16 Medium Warships
27:04 Gillnets
28:02 Scale Mail Armor
28:38 Horse Collar
29:34 Bow Saw
32:00 Iron Casting
31:41 Chain Mail Armor
32:31 Heavy Plow
32:29 Gold Mining
33:14 Murder Holes
33:46 Squires
33:45 Arson
36:26 Ballistics
36:41 Pikeman
38:53 Treadmill Crane
39:05 Guard Tower
46:18 Imperial Age
46:18 Capped Ram
48:06 Block Printing
48:14 Sanctity
48:06 Redemption
48:39 Gold Shaft Mining
47:55 Stone Mining
Connection lost

Rejoining the realm…

Still unreachable

The connection could not be restored.

Session expired

The server has moved on; the page needs a fresh start.